 Dungeon Sprint DCSS version 0.27-a0-1228-gfd60fd639a (webtiles) character file.

Game seed: 9101331414367577634

107 mhtbhm the Insei (level 4, -3/32 HPs)
             Began as a Merfolk Transmuter on June 7, 2021.
             Slain by Sigmund
             ... wielding a +0 scythe
              (8 damage)
             ... in the Dungeon (Sprint I: "Red Sonja").
             The game lasted 00:00:54 (307 turns).

mhtbhm the Insei (Merfolk Transmuter)                Turns: 307, Time: 00:00:55

Health: -3/32      AC:  2    Str: 11    XL:     4   Next: 85%
Magic:  9/10       EV: 14    Int: 12    God:
Gold:   54         SH:  0    Dex: 14    Spells: 1/11 levels left

rFire    . . .     SeeInvis .     - Unarmed
rCold    . . .     Faith    .   (no shield)
rNeg     . . .     Spirit   .   a - +0 robe
rPois    .         Reflect  .   (no helmet)
rElec    .         Harm     .   (no cloak)
rCorr    .         Rampage  .   (no gloves)
Will     .....     NoTele   +   (no boots)
Stlth    +.........             (no amulet)
HPRegen  0.10/turn              (no ring)
MPRegen  0.12/turn              (no ring)

@: confused
A: (nimble swimmer 2), mertail
a: no special abilities


You were in the Dungeon.
You visited 1 branch You collected 54 gold pieces.

Inventory:

Armour
 a - a +0 robe (worn)
Wands
 b - a wand of polymorph (3)
Scrolls
 h - a scroll of blinking
Potions
 e - a potion of haste
 f - 2 potions of magic


   Skills:
 + Level 1.1 Fighting
 + Level 4.8 Dodging
 + Level 7.9 Unarmed Combat
 + Level 4.1 Spellcasting
 + Level 5.4 Transmutations


You had one spell level left.
You knew the following spells:

 Your Spells              Type           Power      Damage    Failure   Level
a - Beastly Appendage     Tmut           30%        N/A       2%          1
b - Wereblood             Tmut           15%        N/A       3%          2
c - Spider Form           Tmut/Pois      4%         N/A       22%         3
d - Ice Form              Ice/Tmut       9%         N/A       56%         4

Your spell library contained the following spells:

 Spells                   Type           Power      Damage    Failure   Level
 Hydra Form               Tmut           7%         N/A       54%         5


Dungeon Overview and Level Annotations

Branches:
Dungeon (1/1)

Altars:

Annotations:
D Sigmund


Innate Abilities, Weirdness & Mutations

((You are quick and stealthy near water. (Stealth+, EV+, Speed+++)))
Your lower body shifts to a powerful aquatic tail in water.


Message History

Your transformation is almost over.
Something hits you.
You see here a +0 giant club.
Something closely misses you.
There is an open door here.
Something hits you.
* * * LOW HITPOINT WARNING * * *
You bump into the rock wall.
You feel less confused.
You hear some strange, mumbled words.
You are confused.
Unknown command.
You feel better. Something barely misses you. Something barely misses you.
There is an open door here.
You barely miss something.
You hear some strange, mumbled words.
A puff of flame appears from out of thin air!
The puff of flame misses you.
You miss something.
You hear some strange, mumbled words.
You are confused.
You barely miss something.
A magic dart appears from out of thin air!
The magic dart hits you.
There is an open door here.
You bump into the rock wall.
Your transformation has ended.
Your +0 robe unmelds from your body.
You hear some strange, mumbled words.
You are more confused.
Unknown command.
Okay, then.
Something hits you!
* * * LOW HITPOINT WARNING * * *
You see here a +0 giant club.
Something hits you but does no damage.
There is an open door here.
You miss something. Something hits you!
You die...

#############
#<.#..'..#..+
#..)..#.)@{.#
#..#####'####
#..# #..#
#..# ####
#..# #⌠⌠#
####


There were no monsters in sight!

Vanquished Creatures
  An ogre (D)
  Ijyb (D)
2 creatures vanquished.

Notes
Turn   | Place    | Note
-------+----------+-------------------------------------------
     0 | D        | mhtbhm the Merfolk Transmuter began the quest for the Orb.
     0 | D        | Reached XP level 1. HP: 15/15 MP: 3/3
     2 | D        | Noticed Ijyb
    10 | D        | Killed Ijyb
    11 | D        | Reached skill level 5 in Unarmed Combat
    11 | D        | Reached XP level 2. HP: 21/21 MP: 2/5
    11 | D        | Reached XP level 3. HP: 26/26 MP: 2/7
    54 | D        | Learned a level 2 spell: Wereblood
    58 | D        | Learned a level 3 spell: Spider Form
    60 | D        | Noticed an ogre
    68 | D        | Killed an ogre
    69 | D        | Reached skill level 7 in Unarmed Combat
    69 | D        | Reached skill level 5 in Transmutations
    69 | D        | Reached XP level 4. HP: 32/32 MP: 3/10
   232 | D        | Learned a level 4 spell: Ice Form
   266 | D        | Noticed Sigmund
   307 | D        | Slain by Sigmund

Illustrated notes

Levels and vault maps discovered:
D:        dungeon_sprint_1 [red_sonja_temple_1, red_sonja_temple_small_1]

Skill      XL: |  1  2  3 |
---------------+----------+-----
Dodging        | 3 4 |  4.8
Unarmed Combat | 5 7 |  7.9
Transmutations | 3 5 |  5.4
Spellcasting   | 4 |  4.1
Fighting       | |  1.1

Action                   |  1- 3 |  4- 6 || total
-------------------------+-------+-------++-------
Melee: Unarmed           |    12 |     7 ||    19
       Headbutt          |     1 |       ||     1
 Cast: Beastly Appendage |     1 |       ||     1
       Spider Form       |     1 |     2 ||     3
       Wereblood         |     1 |       ||     1
  Use: Potion            |     1 |     2 ||     3
Armor: Robe              |       |     1 ||     1
Dodge: Dodged            |     6 |    19 ||    25

Table legend: (Time is in decaauts)
 A = Elapsed time spent in this place.
 B = Non-inter-level travel time spent in this place.
 C = Inter-level travel time spent in this place.
 D = Time resting spent in this place.
 E = Time spent auto-exploring this place.
 F = Levels seen in this place.
 G = Mean time per level.
                   A        B        C        D        E       F      G
               +--------+--------+--------+--------+--------+-----+--------+
         Total |    311 |    311 |      0 |    220 |      0 |   1 |  311.0 |
       Dungeon |    311 |    311 |      0 |    220 |      0 |   1 |  311.0 |
               +--------+--------+--------+--------+--------+-----+--------+

Top non-repeatable levels by time:
       D: 311 daAuts
